 Dungeon Crawl Stone Soup version 0.21.1-1-g345015f (webtiles) character file.

760 Hebeh the Chopper (level 7, 0/60 HPs)
             Began as a Minotaur Fighter on June 23, 2018.
             Slain by an orc warrior
             ... wielding a +0 halberd
              (21 damage)
             ... on level 4 of the Dungeon.
             The game lasted 00:09:31 (3641 turns).

Hebeh the Chopper (Minotaur Fighter)                Turns: 3641, Time: 00:09:32

Health: 0/60       AC:  7    Str: 23    XL:     7   Next: 50%
Magic:  6/6        EV:  9    Int:  5    God:
Gold:   230        SH: 11    Dex:  9    Spells: 6/6 levels left

rFire    . . .     SeeInvis +   a - +1 war axe
rCold    . . .     Gourm    .   c - +1 shield
rNeg     . . .     Faith    .   b - +0 scale mail
rPois    .         Spirit   .   (helmet restricted)
rElec    .         Reflect  .   (no cloak)
rCorr    .         Harm     .   (no gloves)
MR       .....                  (no boots)
Stlth    ..........             (no amulet)
HPRegen  0.20/turn              p - ring of see invisible
MPRegen  0.10/turn              (no ring)

@: no status effects
A: retaliatory headbutt, horns 2
a: no special abilities


You were on level 4 of the Dungeon.
You were not hungry.

You visited 1 branch of the dungeon, and saw 4 of its levels.

You collected 230 gold pieces.

Inventory:

Hand Weapons
 a - a +1 war axe (weapon)
Missiles
 g - 6 javelins (quivered)
Armour
 b - a +0 scale mail (worn)
 c - a +1 shield (worn)
Jewellery
 p - a ring of see invisible (left hand)
Scrolls
 k - a scroll of magic mapping
 m - 2 scrolls of identify
 n - 3 scrolls of teleportation
 o - a scroll of amnesia {unknown}
 q - 3 scrolls of enchant armour
 r - a scroll of noise {unknown}
Potions
 d - a potion of might
 e - 2 potions of curing {unknown}
 h - a potion of cancellation {unknown}
 i - 3 potions of heal wounds
 j - a potion of haste {unknown}
 l - 2 potions of brilliance {unknown}
Comestibles
 f - 5 rations


   Skills:
 + Level 4.7 Fighting
 + Level 6.8 Axes
 + Level 5.6 Armour
 + Level 2.5 Dodging
 + Level 0.9 Stealth
 + Level 5.6 Shields


You had 6 spell levels left.
You didn't know any spells.

Dungeon Overview and Level Annotations

Branches:
Dungeon (4/15)
 Temple: D:4-7

Altars:
Ashenzari
Dithmenos
Okawaru
Sif Muna
Vehumet

Shops:
D:4 =


Innate Abilities, Weirdness & Mutations

You reflexively headbutt those who attack you in melee.
You have a pair of horns on your head.


Message History

You barely miss the orc warrior.
The orc warrior is moderately wounded.
The orc warrior hits you with a halberd!
You are too injured to fight recklessly!
You are too injured to fight recklessly!
You are too injured to fight recklessly!
You are too injured to fight recklessly!
You closely miss the orc warrior.
The orc warrior is lightly wounded.
The orc warrior hits you with a halberd.
You closely miss the orc warrior.
The orc warrior is lightly wounded.
The orc warrior misses you. You furiously retaliate!
You headbutt the orc warrior.
The orc wizard mumbles some strange words.
The orc wizard flickers and vanishes for a moment.
You hit the orc warrior.
The orc warrior is heavily wounded.
The orc warrior hits you with a halberd!!
You die...

......########.#
####.....#
...............#
##.##.###.#
#.....##########
#.........#
#....##
#######.##.#####
#.#.##
#.......##>#
#.#.#
#.########.#
#.#.# #.# #.#
..#.# #.# #.#
....# #@# #.#
.#### #o# #.#
..# ######o# ..#
#.oo##.# ..#
#≈≈≈##$# ..#
#...##.. ..#
#...#### #.###
###'###
....######.8.8.#


You could see an orc warrior and an orc wizard (invisible).

Vanquished Creatures
  Menkaure (D:4)
  2 ogres (D:4)
  The ghost of Theowulf the Chiller, an amateur DEIE (D:3)
  A howler monkey (D:4)
  An orc wizard (D:3)
  2 bullfrog skeletons (D:4)
  An iguana (D:4)
  3 worker ants (D:4)
  A hound skeleton (D:4)
  5 adders
  3 gnolls (D:3)
  An adder skeleton (D:4)
  4 worms
  3 dart slugs
  3 leopard geckos
  4 orcs
  2 ball pythons
  7 bats
  6 giant cockroaches
  4 goblins
  6 hobgoblins
  8 jackals
  6 kobolds
  A quokka (D:2)
  11 frilled lizards
  A jackal skeleton (D:4)
  7 rats
95 creatures vanquished.

Notes
Turn   | Place    | Note
-------+----------+-------------------------------------------
     0 | D:1      | Hebeh the Minotaur Fighter began the quest for the Orb.
     0 | D:1      | Reached XP level 1. HP: 19/19 MP: 0/0
   181 | D:1      | Reached XP level 2. HP: 27/27 MP: 1/1
   728 | D:2      | Found a shattered altar of Ashenzari.
   790 | D:2      | Reached XP level 3. HP: 33/33 MP: 2/2
   866 | D:2      | Reached skill level 3 in Axes
   885 | D:2      | Found a radiant altar of Vehumet.
   938 | D:2      | Reached skill level 1 in Dodging
  1118 | D:2      | Reached XP level 4. HP: 40/40 MP: 3/3
  1816 | D:3      | Reached XP level 5. HP: 46/46 MP: 4/4
  1825 | D:3      | Reached skill level 4 in Axes
  2146 | D:3      | Noticed Theowulf's ghost (amateur DEIE)
  2158 | D:3      | Killed Theowulf's ghost
  2158 | D:3      | Reached skill level 5 in Armour
  2345 | D:3      | Found an iron altar of Okawaru.
  2426 | D:4      | Noticed an ogre
  2433 | D:4      | Killed an ogre
  2433 | D:4      | Reached skill level 5 in Axes
  2433 | D:4      | Reached skill level 5 in Shields
  2433 | D:4      | Reached XP level 6. HP: 21/53 MP: 5/5
  3009 | D:4      | Found a shadowy altar of Dithmenos.
  3016 | D:4      | Reached skill level 6 in Axes
  3031 | D:4      | Reached XP level 7. HP: 55/60 MP: 6/6
  3032 | D:4      | Found Ytsocukho's Jewellery Shop.
  3108 | D:4      | Found a deep blue altar of Sif Muna.
  3244 | D:4      | Noticed Menkaure
  3281 | D:4      | Killed Menkaure
  3641 | D:4      | Slain by an orc warrior

Skill      XL: |  1  2  3  4  5  6 |
---------------+-------------------+-----
Shields        | 4 5 |  5.6
Armour         | 4 5 |  5.6
Fighting       | 4 |  4.7
Axes           | 3 5 6 |  6.8
Dodging        | 1 2 |  2.5
Stealth        | |  0.9

Action                   |  1- 3 |  4- 6 |  7- 9 || total
-------------------------+-------+-------+-------++-------
Melee: War axe           |    82 |   120 |    39 ||   241
       Headbutt          |    10 |    15 |     7 ||    32
  Use: Scroll            |       |     7 |     1 ||     8
       Potion            |       |       |     1 ||     1
  Eat: Chunk             |     1 |     6 |     2 ||     9
Armor: Scale mail        |    41 |    32 |     8 ||    81
Dodge: Dodged            |    24 |    27 |     9 ||    60
Block: Shield            |    54 |    58 |    24 ||   136
